 Dungeon Crawl Stone Soup version 0.29.1-15-g9cfb28693d (webtiles) character file.

Game seed: 14494148639896611232

4 sampeng1 the Grave Robber (level 1, -1/13 HPs)
             Began as a Human Necromancer on May 10, 2023.
             Slain by a kobold
             ... wielding a +0 short sword
              (4 damage)
             ... on level 1 of the Dungeon.
             The game lasted 00:01:40 (235 turns).

sampeng1 the Grave Robber (Human Necromancer)        Turns: 235, Time: 00:01:40

Health: -1/13      AC:  2    Str:  8    XL:     1   Next: 77%
Magic:  2/3        EV: 12    Int: 15    God:
Gold:   18         SH:  0    Dex: 13    Spells: 3/4 levels left

rFire   . . .      SeeInvis .   c - +0 short sword
rCold   . . .      Faith    .   (no shield)
rNeg    . . .      Spirit   .   a - +0 robe
rPois   .          Reflect  .   (no helmet)
rElec   .          Harm     .   (no cloak)
rCorr   .          Rampage  .   (no gloves)
Will    .....                   (no boots)
Stlth   +.........              (no amulet)
HPRegen 0.04/turn               (no ring)
MPRegen 0.08/turn               (no ring)

@: very slow
A: no striking features
a: no special abilities


You were on level 1 of the Dungeon.
You visited 1 branch of the dungeon, and saw 1 of its levels.

You collected 18 gold pieces.

Inventory:

Hand Weapons
 c - a +0 short sword (weapon)
Armour
 a - a +0 robe (worn)
Potions
 b - a potion of magic


   Skills:
 + Level 2.1 Dodging
 + Level 2.1 Stealth
 + Level 2.1 Spellcasting
 + Level 4.0 Necromancy


You had 3 spell levels left.
You knew the following spells:

 Your Spells              Type           Power      Damage    Failure   Level
a - Necrotise             Necr           52%        1d6       4%          1

Your spell library contained the following spells:

 Spells                   Type           Power      Damage    Failure   Level
 Vampiric Draining        Necr           13%        2d6       12%         3
 Animate Dead             Necr           13%        N/A       38%         4
 Agony                    Necr           13%        N/A       75%         5


Dungeon Overview and Level Annotations

Branches:
Dungeon (1/15)

Altars:


Message History

The kobold throws a stone.
The stone hits you but does no damage.
Your unstable footing causes you to fumble your attack.
The goblin hits you with a +0 club.
The kobold throws a stone.
The stone barely misses you.
You barely miss the goblin. You punch the goblin.
The goblin is severely wounded.
The goblin hits you but does no damage.
The kobold throws a stone.
The stone closely misses you.
You hit the goblin but do no damage.
The goblin is severely wounded.
The goblin splashes around in the water.
The goblin barely misses you.
Your unstable footing causes you to fumble your attack.
The kobold throws a stone.
The stone hits you but does no damage. The goblin hits you with a +0 club.
You hit the goblin.
You kill the goblin!
You hear a splash.
Things that are here:
a +0 club; a goblin corpse The kobold throws a stone.
The stone barely misses you.
The kobold throws a stone.
The stone barely misses you.
The kobold throws a stone.
The stone misses you.
The kobold throws a stone.
The stone closely misses you.
The kobold splashes around in the water.
Casting: Necrotise (safe; 4% risk of failure)
Confirm with . or Enter, or press ? or * to list all spells.
Aiming: Necrotise (safe; 4% risk of failure)
Press: ? - help, Shift-Dir - straight line, f - kobold
Aim: a kobold, wielding a +0 short sword and quivering stones (chance to affect: 83%)
The kobold writhes in agony.
The kobold hits you with a +0 short sword.
* * * LOW HITPOINT WARNING * * *
You barely miss the kobold.
The kobold is moderately wounded.
The kobold splashes around in the water.
You closely miss the kobold.
The kobold is moderately wounded.
The kobold hits you with a +0 short sword.
You die...

#.~♣~~.~~~♣ ~~PP~~P
#.♣♣~~.P~~♣♣ ♣♣♣≈≈~~P~~
#..P♣~.~P~~♣♣♣~~≈≈~~~~~
##..PP.P~~~~≈~~≈≈≈≈~~~♣
##..♣.~~~~~~~~≈≈~~~P~.
##...................
#...≈~~~~~~~~~P~~~♣.
##~~~~P~≈≈≈≈~~~~P~~#
#~~~~~~~≈~K@~~P~~##
##♣~~~≈)≈≈≈~~P♣♣##
#~~P~~~~P~♣♣~#
##~PP~~≈♣♣♣ ## ##♣P~~~♣
#~~♣♣♣ ##♣♣


You could see a kobold.

Vanquished Creatures
  A goblin (D:1)
  A quokka (D:1)
  A bat (D:1)
  A frilled lizard (D:1)
  A kobold (D:1)
5 creatures vanquished.

Vanquished Creatures (others)
  2 plants (D:1)
2 creatures vanquished.

Grand Total: 7 creatures vanquished

Notes
Turn   | Place    | Note
-------+----------+-------------------------------------------
     0 | D:1      | sampeng1 the Human Necromancer began the quest for the Orb.
     0 | D:1      | Reached XP level 1. HP: 13/13 MP: 3/3
   235 | D:1      | Slain by a kobold

Illustrated notes

Levels and vault maps discovered:
D:1:      psy_arrival_radial02, layout_basic, minivault_27, fountainhead,
          serial_bayou_lagoon_b

Action                   || total
-------------------------++-------
Melee: Short sword       ||    13
       Punch             ||     1
 Cast: Necrotise         ||     4
 Stab: Sleeping          ||     1
Armor: Robe              ||     5
Dodge: Dodged            ||    12
